[ AOE2 MATCH · #505658712 ]
UnrankedPersians vs Burmese
Player's team · LOSS
Rival team · WIN
[ REPLAY ANALYSIS · EXTRACTED FROM THE RECORDED GAME ]
Feudal
10:24
Castle
13:53
Imperial
—
| APM avg | 56.3 |
| APM peak | 93 |
| eAPM avg | 21.7 |
| Villagers / military | 29 / 10 |
Focus
⚔️ 27.5% · 🌾 72.5%
Scorpion ×7 · Battering Ram ×2 · Monk ×1
Feudal
12:44
Castle
16:22
Imperial
—
| APM avg | 66.7 |
| APM peak | 104 |
| eAPM avg | 34.5 |
| Villagers / military | 41 / 5 |
Focus
⚔️ 28.9% · 🌾 71.1%
Militia ×3 · Monk ×1 · Mangonel ×1
Match map
Initial resources + every placement click. Lines = walls · curves = elevation contours. ◆ gold · ⬟ stone · ● berries · ✦ relic · ◌ wall gap
Your base· Open — unwalled flank
Šteuko's base· Open — unwalled flank
Smoothed initial terrain · ◌ = detected wall gap · hover for details
Inputs per minute
— Tom Tucker - - Šteuko
Build order — Tom Tucker
74 actions detected in the replay
| 0:00 | Create | Villager (Male) |
| 0:01 | Create | Villager (Male) |
| 0:02 | Build | House |
| 0:03 | Build | House |
| 0:17 | Create | Villager (Male) |
| 0:21 | Create | Villager (Male) |
| 0:24 | Create | Villager (Male) |
| 1:26 | Create | Villager (Male) |
| 1:42 | Build | Lumber Camp |
| 1:55 | Create | Villager (Male) |
| 2:13 | Create | Villager (Male) |
| 2:37 | Create | Villager (Male) |
| 3:10 | Create | Villager (Male) |
| 3:11 | Create | Villager (Male) |
| 3:34 | Build | House |
| 3:36 | Build | House |
| 3:55 | Create | Villager (Male) |
| 3:55 | Create | Villager (Male) |
| 3:56 | Create | Villager (Male) |
| 4:20 | Create | Villager (Male) |
| 4:27 | Build | Mill |
| 5:07 | Create | Villager (Male) |
| 5:20 | Create | Villager (Male) |
| 5:36 | Create | Villager (Male) |
| 5:46 | Create | Villager (Male) |
| 5:56 | Create | Villager (Male) |
| 6:13 | Create | Villager (Male) |
| 6:18 | Create | Villager (Male) |
| 6:40 | Create | Villager (Male) |
| 7:01 | Build | Mining Camp |
| 7:05 | Research | Loom |
| 7:48 | Build | Palisade Wall |
| 7:50 | Build | Palisade Wall |
| 7:52 | Build | Palisade Wall |
| 8:01 | Research | Feudal Age |
| 8:33 | Build | Palisade Wall |
| 8:34 | Build | Palisade Wall |
| 8:36 | Build | Palisade Wall |
| 8:38 | Build | Palisade Wall |
| 8:39 | Build | Palisade Wall |
| 8:41 | Build | Palisade Wall |
| 8:46 | Build | House |
| 8:50 | Build | Palisade Wall |
| 9:32 | Build | House |
| 9:34 | Build | House |
| 10:17 | Create | Villager (Male) |
| 10:18 | Create | Villager (Male) |
| 10:24 | Age | Feudal Age |
| 10:26 | Build | Market |
| 10:28 | Build | Blacksmith |
| 10:47 | Create | Villager (Male) |
| 11:28 | Research | Castle Age |
| 12:18 | Build | Palisade Wall |
| 12:33 | Build | Palisade Wall |
| 12:46 | Research | Double-Bit Axe |
| 13:28 | Create | Villager (Male) |
| 13:28 | Create | Villager (Male) |
| 13:29 | Create | Villager (Male) |
| 13:53 | Age | Castle Age |
| 13:54 | Build | Siege Workshop |
| 14:01 | Build | Siege Workshop |
| 14:16 | Build | House |
| 14:18 | Build | House |
| 14:41 | Create | Scorpion |
| 14:48 | Build | Monastery |
| 15:07 | Create | Scorpion |
| 15:17 | Create | Scorpion |
| 15:26 | Create | Monk |
| 15:46 | Create | Battering Ram |
| 16:02 | Create | Scorpion |
| 16:30 | Create | Scorpion |
| 16:52 | Create | Scorpion |
| 17:15 | Create | Scorpion |
| 18:24 | Create | Battering Ram |
Build order — Šteuko
100 actions detected in the replay
| 0:00 | Create | Villager (Male) |
| 0:01 | Build | House |
| 0:02 | Build | House |
| 0:04 | Create | Villager (Male) |
| 0:05 | Create | Villager (Male) |
| 0:08 | Create | Villager (Male) |
| 1:28 | Create | Villager (Male) |
| 1:43 | Build | Lumber Camp |
| 1:59 | Create | Villager (Male) |
| 1:59 | Create | Villager (Male) |
| 2:26 | Create | Villager (Male) |
| 2:57 | Create | Villager (Male) |
| 2:59 | Create | Villager (Male) |
| 3:37 | Create | Villager (Male) |
| 3:49 | Create | Villager (Male) |
| 3:56 | Build | House |
| 4:23 | Create | Villager (Male) |
| 4:26 | Create | Villager (Male) |
| 4:35 | Build | Barracks |
| 4:54 | Create | Villager (Male) |
| 5:03 | Create | Villager (Male) |
| 5:27 | Build | House |
| 5:34 | Create | Militia |
| 5:50 | Create | Villager (Male) |
| 5:50 | Create | Villager (Male) |
| 5:52 | Create | Villager (Male) |
| 5:56 | Build | Mill |
| 6:00 | Create | Militia |
| 6:19 | Create | Militia |
| 6:48 | Create | Villager (Male) |
| 7:06 | Build | Farm |
| 7:07 | Build | Farm |
| 7:08 | Create | Villager (Male) |
| 7:08 | Create | Villager (Male) |
| 7:11 | Build | House |
| 7:29 | Build | Farm |
| 7:37 | Create | Villager (Male) |
| 7:37 | Create | Villager (Male) |
| 8:01 | Create | Villager (Male) |
| 8:13 | Create | Villager (Male) |
| 8:14 | Build | Farm |
| 8:21 | Build | Farm |
| 8:40 | Create | Villager (Male) |
| 8:41 | Build | House |
| 8:47 | Create | Villager (Male) |
| 8:54 | Create | Villager (Male) |
| 9:24 | Build | Mining Camp |
| 9:25 | Create | Villager (Male) |
| 9:27 | Create | Villager (Male) |
| 9:28 | Build | Farm |
| 9:29 | Build | Farm |
| 9:49 | Build | Farm |
| 10:09 | Research | Loom |
| 10:09 | Research | Loom |
| 10:16 | Build | Farm |
| 10:34 | Research | Feudal Age |
| 10:35 | Research | Feudal Age |
| 10:48 | Build | House |
| 10:52 | Create | Villager (Male) |
| 10:53 | Build | Palisade Wall |
| 10:57 | Build | House |
| 10:59 | Build | Palisade Wall |
| 11:19 | Build | Farm |
| 11:21 | Create | Villager (Male) |
| 12:44 | Age | Feudal Age |
| 12:47 | Build | Blacksmith |
| 12:59 | Build | Market |
| 13:04 | Build | Palisade Wall |
| 13:06 | Build | Palisade Wall |
| 13:09 | Build | Palisade Wall |
| 13:43 | Research | Castle Age |
| 13:43 | Research | Castle Age |
| 14:07 | Create | Villager (Male) |
| 14:10 | Build | House |
| 14:11 | Build | Palisade Wall |
| 14:18 | Build | Palisade Wall |
| 14:19 | Create | Villager (Male) |
| 14:32 | Build | Lumber Camp |
| 14:39 | Research | Town Watch |
| 15:05 | Research | Horse Collar |
| 15:17 | Build | House |
| 15:18 | Build | Palisade Wall |
| 15:19 | Build | Palisade Wall |
| 15:20 | Build | Palisade Wall |
| 15:22 | Create | Villager (Male) |
| 15:36 | Build | House |
| 15:47 | Create | Villager (Male) |
| 15:56 | Build | Farm |
| 16:13 | Research | Man-at-Arms (upgrade) |
| 16:14 | Research | Arson |
| 16:14 | Research | Arson |
| 16:22 | Age | Castle Age |
| 16:24 | Build | Siege Workshop |
| 16:34 | Build | Monastery |
| 16:45 | Create | Mangonel |
| 16:46 | Create | Villager (Male) |
| 17:12 | Create | Villager (Male) |
| 17:34 | Create | Villager (Male) |
| 17:57 | Create | Monk |
| 18:25 | Create | Villager (Male) |
Match timeline
| 4:35 | Šteuko · first_building Barracks |
| 7:48 | Tom Tucker · wall_segment Palisade Wall x1 |
| 7:50 | Tom Tucker · wall_segment Palisade Wall x1 |
| 7:52 | Tom Tucker · wall_segment Palisade Wall x1 |
| 8:33 | Tom Tucker · wall_segment Palisade Wall x1 |
| 8:34 | Tom Tucker · wall_segment Palisade Wall x1 |
| 8:36 | Tom Tucker · wall_segment Palisade Wall x1 |
| 8:38 | Tom Tucker · wall_segment Palisade Wall x1 |
| 8:39 | Tom Tucker · wall_segment Palisade Wall x1 |
| 8:41 | Tom Tucker · wall_segment Palisade Wall x1 |
| 8:50 | Tom Tucker · wall_segment Palisade Wall x1 |
| 10:24 | Tom Tucker · age_up feudal |
| 10:53 | Šteuko · wall_segment Palisade Wall x2 |
| 10:59 | Šteuko · wall_segment Palisade Wall x7 |
| 11:22 | Tom Tucker · first_market_sell 100 stone |
| 11:24 | Tom Tucker · first_market_buy 100 food |
| 12:18 | Tom Tucker · wall_segment Palisade Wall x1 |
| 12:33 | Tom Tucker · wall_segment Palisade Wall x1 |
| 12:44 | Šteuko · age_up feudal |
| 13:04 | Šteuko · wall_segment Palisade Wall x1 |
| 13:06 | Šteuko · wall_segment Palisade Wall x2 |
| 13:09 | Šteuko · wall_segment Palisade Wall x1 |
| 13:53 | Tom Tucker · age_up castle |
| 13:54 | Tom Tucker · first_building Siege Workshop |
| 14:11 | Šteuko · wall_segment Palisade Wall x1 |
| 14:18 | Šteuko · wall_segment Palisade Wall x5 |
| 14:48 | Tom Tucker · first_building Monastery |
| 15:18 | Šteuko · wall_segment Palisade Wall x1 |
| 15:19 | Šteuko · wall_segment Palisade Wall x1 |
| 15:20 | Šteuko · wall_segment Palisade Wall x1 |
| 16:22 | Šteuko · age_up castle |
| 16:24 | Šteuko · first_building Siege Workshop |
| 16:33 | Šteuko · first_market_buy 100 wood |
| 16:34 | Šteuko · first_building Monastery |
| 16:38 | Šteuko · first_market_sell 100 stone |
| 18:36 | Tom Tucker · resign |
[ AI ANALYSIS · 1 CREDIT ]
What really happened in this match?
Wolo.gg analyzes every decision: build order, eco, micro, common mistakes by bracket. Personalized analysis on WhatsApp or Discord in 30 seconds.
Civ guide
Persians
Perfil
Jugador #6252402